 Dungeon Crawl Stone Soup version 0.26-a0-491-g70697cc071 (webtiles) character file.

Game seed: 9897630569404180093

(classic levelgen) 74 EnegeticOcto the Conjurer (level 4, -4/26 HPs)
             Began as a Gargoyle Air Elementalist on Aug 5, 2020.
             Slain by a gnoll
             ... wielding a +0 halberd
              (6 damage)
             ... on level 2 of the Dungeon.
             The game lasted 00:02:57 (1066 turns).

EnegeticOcto the Conjurer (GrAE)                    Turns: 1066, Time: 00:02:57

Health: -4/26      AC:  5    Str: 12    XL:     4   Next: 30%
Magic:  1/7        EV:  6    Int: 16    God:
Gold:   102        SH:  0    Dex: 10    Spells: 4/7 levels left

rFire    . . .     SeeInvis .   d - +0 whip
rCold    . . .     Faith    .   (no shield)
rNeg     + . .     Spirit   .   a - +0 robe
rPois    ∞         Reflect  .   (no helmet)
rElec    +         Harm     .   (no cloak)
rCorr    +                      (no gloves)
MR       .....                  (no boots)
Stlth    ++........             (no amulet)
HPRegen  0.08/turn              e - ring of resist corrosion
MPRegen  0.10/turn              (no ring)

@: held
A: negative energy resistance 1, electricity resistance, unbreathing,
petrification resistance, rot immunity, AC +3
a: no special abilities


You were on level 2 of the Dungeon.
You visited 1 branch of the dungeon, and saw 2 of its levels.

You collected 102 gold pieces.

Inventory:

Hand Weapons
 d - a +0 whip (weapon)
Missiles
 h - 2 boomerangs (quivered)
Armour
 a - a +0 robe (worn)
Jewellery
 e - a ring of resist corrosion (left hand)
 j - an uncursed ring of ice
Scrolls
 c - a scroll of amnesia {unknown}
 g - a scroll of teleportation {@r3 !r}
 i - a scroll of remove curse {@r2}
 k - 2 scrolls of enchant armour {unknown}
Potions
 b - a potion of ambrosia {unknown}
 f - a potion of mutation


   Skills:
 - Level 2.0 Fighting
 - Level 1.5 Dodging
 - Level 3.0 Stealth
 - Level 2.0 Spellcasting
 + Level 3.3 Conjurations
 - Level 2.4 Air Magic


You had 4 spell levels left.
You knew the following spells:

 Your Spells              Type           Power        Failure   Level
a - Shock                 Conj/Air       ##..         6%          1
V - Swiftness             Air            #.......     12%         2

Your spell library contained the following spells:

 Spells                   Type           Power        Failure   Level
 Static Discharge         Conj/Air       ##......     19%         3
 Airstrike                Air            #.........   61%         4
 Lightning Bolt           Conj/Air       ##........   87%         5


Dungeon Overview and Level Annotations

Branches:
Dungeon (2/15)

Altars:


Innate Abilities, Weirdness & Mutations

You are resistant to torment.
Your stone body is resilient. (AC +3)
You are immune to poison.
You resist negative energy. (rN+)
You are resistant to electric shocks. (rElec)
You can survive without breathing.
You are immune to petrification.
You are immune to rotting.


Message History

You kill the gnoll!
Your Conjurations skill increases to level 3!
You have reached level 4!
You feel stronger.
You start resting.
A gnoll is nearby!
Casting: Shock (safe; 7% risk of failure)
Confirm with . or Enter, or press ? or * to list all spells.
Aiming: Shock (safe; 7% risk of failure)
Press: ? - help, Shift-Dir - straight line, f - gnoll
Aim: a gnoll, wielding a +0 quarterstaff and quivering 16 stones
Okay, then.
The gnoll throws a stone.
The stone hits you.
Casting: Shock (safe; 7% risk of failure)
Confirm with . or Enter, or press ? or * to list all spells.
Press: ? - help, Shift-Dir - straight line
Okay, then.
The gnoll throws a stone.
The stone barely misses you.
You see here 2 stones.
Casting: Shock (safe; 7% risk of failure)
Confirm with . or Enter, or press ? or * to list all spells.
Aiming: Shock (safe; 7% risk of failure)
Press: ? - help, Shift-Dir - straight line The zap hits the gnoll but does no damage.
The zap hits the gnoll.
The gnoll is lightly wounded.
The gnoll throws a stone.
The stone completely misses you.
A gnoll comes into view. It is wielding a +0 halberd.
Casting: Shock (safe; 7% risk of failure)
Confirm with . or Enter, or press ? or * to list all spells.
Aiming: Shock (safe; 7% risk of failure)
Press: ? - help, Shift-Dir - straight line The zap hits the gnoll.
The gnoll is heavily wounded.
The zap hits the gnoll.
The gnoll is severely wounded.
The gnoll shouts!
The gnoll throws a stone.
The stone hits you.
Casting: Shock (safe; 7% risk of failure)
Confirm with . or Enter, or press ? or * to list all spells.
Press: ? - help, Shift-Dir - straight line You miscast Shock.
You are very lightly contaminated with residual magic.
Nothing appears to happen.
The gnoll throws a stone.
The stone hits you but does no damage.
Casting: Shock (safe; 7% risk of failure)
Confirm with . or Enter, or press ? or * to list all spells.
Aiming: Shock (safe; 7% risk of failure)
Press: ? - help, Shift-Dir - straight line The zap hits the gnoll but does no damage.
The gnoll is severely wounded.
The zap hits the gnoll.
The gnoll is lightly wounded.
The gnoll throws a stone.
The stone closely misses you.
Casting: Shock (safe; 7% risk of failure)
Confirm with . or Enter, or press ? or * to list all spells.
Aiming: Shock (safe; 7% risk of failure)
Press: ? - help, Shift-Dir - straight line The zap hits the gnoll.
The gnoll is almost dead.
The zap hits the gnoll.
The gnoll is moderately wounded.
The gnoll throws a stone.
The stone hits you.
Throwing (i - inventory)
h - 2 boomerangs (quivered)
Press: ? - help, Shift-Dir - straight line, f - gnoll
Aim: a gnoll, wielding a +0 quarterstaff and quivering 9 stones (almost dead)
You throw a boomerang. The boomerang barely misses the gnoll.
The gnoll throws a stone.
The stone hits you but does no damage.
Throwing (i - inventory)
h - 2 boomerangs (quivered)
Press: ? - help, Shift-Dir - straight line, f/p - gnoll
Aim: a gnoll, wielding a +0 quarterstaff and quivering 8 stones (almost dead)
You throw a boomerang.
The boomerang hits the gnoll but does no damage.
The gnoll is almost dead.
The gnoll throws a stone.
The stone misses you.
You hit the gnoll.
You kill the gnoll!
Your magical contamination has completely faded away.
The gnoll throws a throwing net.
The throwing net hits you.
You become entangled in the net!
You see here a throwing net {!f}.
You struggle against the net.
The gnoll barely misses you.
You struggle against the net.
You struggle against the net.
The gnoll hits you from afar with a +0 halberd!
* * * LOW HITPOINT WARNING * * *
You rip the net and break free!
The gnoll barely misses you.
The gnoll throws a throwing net.
The throwing net hits you.
You become entangled in the net!
You see here a throwing net {!f}.
You struggle against the net.
Okay, then.
Okay, then.
Okay, then.
You struggle against the net.
The gnoll hits you from afar with a +0 halberd.
* * * LOW HITPOINT WARNING * * *
You tear a large gash into the net.
The gnoll hits you from afar with a +0 halberd.
You die...

##### ##.(.#
#.)#.# #g##g#
#.##.#
#.##@#####
#.##.<...##.##
#.####........
#.# #...###..
#g# #...# #.#
##### #.# #.#
#(#


You could see a gnoll.

Vanquished Creatures
  A hound (D:2)
  An adder (D:2)
  2 gnolls (D:2)
  2 dart slugs (D:1)
  4 bats (D:1)
  3 goblins
  A hobgoblin (D:1)
  3 kobolds (D:1)
17 creatures vanquished.

Notes
Turn   | Place    | Note
-------+----------+-------------------------------------------
     0 | D:1      | EnegeticOcto the Gargoyle Air Elementalist began the quest
                  | for the Orb.
     0 | D:1      | Reached XP level 1. HP: 10/10 MP: 3/3
   239 | D:1      | Reached skill level 3 in Stealth
   316 | D:1      | Reached XP level 2. HP: 13/16 MP: 1/5
   505 | D:1      | Reached skill level 1 in Fighting
   785 | D:1      | Learned a level 2 spell: Swiftness
   856 | D:2      | Reached skill level 2 in Fighting
   856 | D:2      | Reached XP level 3. HP: 21/21 MP: 0/6
   957 | D:2      | Reached skill level 2 in Conjurations
  1042 | D:2      | Reached skill level 3 in Conjurations
  1042 | D:2      | Reached XP level 4. HP: 23/26 MP: 4/7
  1066 | D:2      | Slain by a gnoll

Illustrated notes

Levels and vault maps discovered:
D:1:      dpeg_arrival_pits, layout_rooms, kennysheep_nondescript,
          minmay_misc_feat_four_crosses, dk_noncrumbling_4
D:2:      layout_rooms, nemelex_altar_shiori, minmay_close_crescents

Skill      XL: |  1  2  3 |
---------------+----------+-----
Stealth        | 3 |  3.0
Fighting       | 2 |  2.0
Conjurations   | 3 |  3.3
Dodging        | |  1.5
Spellcasting   | |  2.0
Air Magic      | |  2.4

Action                   |  1- 3 |  4- 6 || total
-------------------------+-------+-------++-------
Melee: Whip              |     9 |     1 ||    10
Throw: Boomerang         |     2 |     2 ||     4
 Cast: Shock             |    37 |     5 ||    42
  Use: Scroll            |     3 |       ||     3
Armor: Robe              |     9 |     1 ||    10
Dodge: Dodged            |    23 |     6 ||    29

Table legend: (Time is in decaauts)
 A = Elapsed time spent in this place.
 B = Non-inter-level travel time spent in this place.
 C = Inter-level travel time spent in this place.
 D = Time resting spent in this place.
 E = Time spent auto-exploring this place.
 F = Levels seen in this place.
 G = Mean time per level.
                   A        B        C        D        E       F      G
               +--------+--------+--------+--------+--------+-----+--------+
         Total |   1065 |   1017 |     48 |      3 |    808 |   2 |  532.5 |
       Dungeon |   1065 |   1017 |     48 |      3 |    808 |   2 |  532.5 |
               +--------+--------+--------+--------+--------+-----+--------+

Top non-repeatable levels by time:
     D:1: 815 daAuts
     D:2: 250 daAuts
